 Dungeon Crawl Stone Soup version 0.27.1-34-g3ba077fa99 (webtiles) character file.

Game seed: 9363876133118779563

745 DildoBatman the Magician (level 8, -7/52 HPs)
             Began as a Formicid Conjurer on Jan 18, 2022.
             Mangled by a scorpion (8 damage)
             ... in an ossuary.
             The game lasted 00:11:54 (4088 turns).

DildoBatman the Magician (Formicid Conjurer)        Turns: 4088, Time: 00:11:54

Health: -7/52      AC:  4    Str: 13    XL:     8   Next: 5%
Magic:  18/18      EV: 12    Int: 17    God:
Gold:   104        SH:  0    Dex: 11    Spells: 17/20 levels left

rFire    . . .     SeeInvis +   b - +0 trident (venom)
rCold    . . .     Faith    .   (no shield)
rNeg     . . .     Spirit   .   w - +1 robe {rC+}
rPois    .         Reflect  .   (helmet unavailable)
rElec    .         Harm     .   (no cloak)
rCorr    .         Rampage  .   t - +0 pair of gloves
Will     .....                  (no boots)
Stlth    ++........             (no amulet)
HPRegen  0.17/turn              (no ring)
MPRegen  0.16/turn              (no ring)

@: lethally poisoned (-7 -> -30)
A: permanent stasis, dig shafts and tunnels, antennae 3, four strong arms, [cold
vulnerability 1]
a: Dig


You were in an ossuary.
You visited 1 branch of the dungeon, and saw 4 of its levels.
You also visited: Ossuary.

You collected 104 gold pieces.

Inventory:

Hand Weapons
 a - a +0 quarterstaff
 b - a +0 trident of venom (weapon)
 d - a +0 falchion
Missiles
 c - 88 stones
 g - 2 throwing nets
 h - 29 bolts
 i - 18 arrows
 n - 3 curare-tipped darts
 q - 5 boomerangs
Armour
 t - a +0 pair of gloves (worn)
 w - a +1 robe of cold resistance (worn)
Scrolls
 f - a scroll of teleportation {unknown}
 j - a scroll of vulnerability
 m - a scroll of enchant weapon {unknown}
 p - a scroll of silence {unknown}
 s - a scroll of fear
 u - a scroll of amnesia
Potions
 e - a potion of berserk rage {unknown}
 k - a potion of ambrosia {unknown}
 l - 2 potions of curing {unknown}
 o - a potion of might {unknown}
 r - a potion of degeneration {unknown}
Miscellaneous
 v - a lightning rod (4/4)


   Skills:
 - Level 1.7 Dodging
 - Level 2.4 Stealth
 * Level 6.9 Spellcasting
 - Level 6.0 Conjurations


You had 17 spell levels left.
You knew the following spells:

 Your Spells              Type           Power      Damage    Failure   Level
a - Searing Ray           Conj           52%        3d5       1%          2
c - Magic Dart            Conj           100%       1d8       1%          1

Your spell library contained the following spells:

 Spells                   Type           Power      Damage    Failure   Level
 Dazzling Flash           Conj/Hex       32%        N/A       11%         3
 Sandblast                Erth           10%        2d5       12%         1
 Passwall                 Tmut/Erth      4%         N/A       19%         2
 Fulminant Prism          Conj/Hex       8%         3d7       34%         4
 Iskenderun's Mystic Bla  Conj/Tloc      16%        2d5       34%         4
 Lee's Rapid Deconstruct  Erth           2%         3d6*      97%         5


Dungeon Overview and Level Annotations

Branches:
Dungeon (4/15)            Ossuary (1/1)
 Temple: D:4-7

Altars:
Qazlal

Shops:
D:2 [

Annotations:
D:3 1 exclusion


Innate Abilities, Weirdness & Mutations

You cannot be hasted, slowed, berserked, paralysed or teleported.
You can dig through walls and to a lower floor.
You have a pair of large antennae on your head. (SInv)
Your four strong arms can wield two-handed weapons with a shield.
[You are vulnerable to cold. (rC-)]


Message History

t - Shout!
Orders for allies: a - Attack new target. r - Retreat! s - Stop attacking. g - Guard the area. f - Follow me.
Anything else - Cancel.
You shout for attention!
You feel extremely sick.
The scorpion zombie hits you but does no damage.
The gnoll zombie hits you but does no damage.
The scorpion stings you. The kobold zombie closely misses you.
The scorpion misses you. The gnoll zombie barely misses you.
What are your orders? t - Shout!
Orders for allies: a - Attack new target. r - Retreat! s - Stop attacking. g - Guard the area. f - Follow me.
Anything else - Cancel.
You shout for attention!
You feel very sick. The scorpion zombie closely misses you.
The scorpion stings you.
You are more poisoned.
The scorpion poisons you!
The scorpion stings you but does no damage.
The gnoll zombie hits you but does no damage.
The kobold zombie hits you but does no damage.
The gnoll zombie hits you but does no damage.
What are your orders? t - Shout!
Orders for allies: a - Attack new target. r - Retreat! s - Stop attacking. g - Guard the area. f - Follow me.
Anything else - Cancel.
You shout for attention!
You feel very sick. The scorpion zombie closely misses you.
The scorpion stings you!
You die...

############# #######
#.....#.....# {#...#..
#.....#.....+ #.∩.'.∩
#.....8.....# {#...#..
#......s....##+###'####
#....Z@Z....#.!?#...#..
###8.sZZ.8###?.!#...8..
#...........#M.!#..†...
#...........######8...8
#.....8.....#...#......
#.....#.....'...#...8..
#.....#.....#...#...#..
##+###########'#######'
{ #...#...#..


You could see 2 scorpions, a scorpion zombie, 2 gnoll zombies and a kobold
zombie.

Vanquished Creatures
  A water moccasin (D:3)
  3 scorpions
  A centaur zombie (Ossuary)
  A hound (D:2)
  A human zombie (Ossuary)
  A centaur skeleton (D:4)
  4 orc wizards
  A scorpion zombie (Ossuary)
  6 adders
  5 gnolls (D:4)
  A white imp (D:4)
  2 worms (D:3)
  A dart slug (D:1)
  13 orcs
  8 ball pythons
  11 endoplasms
  3 giant cockroaches
  A gnoll zombie (Ossuary)
  3 goblins
  4 hobgoblins
  8 jackals
  7 kobolds
  3 quokkas
  8 bats
  6 frilled lizards
  2 goblin zombies (Ossuary)
  A hobgoblin zombie (Ossuary)
  A kobold zombie (Ossuary)
  2 rats (D:1)
109 creatures vanquished.

Vanquished Creatures (others)
  A water elemental (D:3)
1 creature vanquished.

Grand Total: 110 creatures vanquished

Notes
Turn   | Place    | Note
-------+----------+-------------------------------------------
     0 | D:1      | DildoBatman the Formicid Conjurer began the quest for the
                  | Orb.
     0 | D:1      | Reached XP level 1. HP: 13/13 MP: 3/3
   135 | D:1      | Found a faded altar of an unknown god.
   185 | D:1      | Reached XP level 2. HP: 19/19 MP: 0/5
   188 | D:1      | Learned a level 2 spell: Searing Ray
   425 | D:1      | Reached XP level 3. HP: 22/24 MP: 2/6
  1184 | D:2      | Found Lacwuk's Antique Armour Emporium.
  1317 | D:2      | Reached XP level 4. HP: 30/30 MP: 4/7
  1394 | D:1      | Became a worshipper of Qazlal Stormbringer
  1394 | D:1      | Reached * piety under Qazlal
  1448 | D:2      | Reached skill level 5 in Conjurations
  1751 | D:2      | Reached XP level 5. HP: 31/35 MP: 0/8
  1956 | D:2      | Fell from the grace of Qazlal
  2341 | D:3      | Noticed a water moccasin
  2354 | D:3      | Killed a water moccasin
  2355 | D:3      | Reached XP level 6. HP: 14/41 MP: 3/11
  3033 | D:4      | Noticed a black bear
  3056 | D:3      | Noticed a water elemental
  3056 | D:3      | Noticed a fire elemental
  3061 | D:3      | Killed a water elemental
  3403 | D:4      | Reached XP level 7. HP: 33/46 MP: 4/13
  3427 | D:4      | Noticed a rime drake
  3427 | D:4      | Noticed a wind drake
  3547 | D:4      | Reached skill level 5 in Spellcasting
  3595 | D:4      | Found a sand-covered staircase.
  3599 | Ossuary  | Entered an ossuary
  4030 | Ossuary  | Reached XP level 8. HP: 52/52 MP: 12/18
  4088 | Ossuary  | HP: 1/52 [poisoned by a scorpion]
  4088 | Ossuary  | Mangled by a scorpion

Illustrated notes

Levels and vault maps discovered:
D:1:      sevenhm_arrival_forest_fort_small_6, layout_loops_ring,
          shapermc_ecumenical_altar_petra
D:2:      layout_loops_corners, serial_shops, shop
D:3:      layout_basic, st_stairs_3, minmay_checkerbox
D:4:      layout_gridville, enter_ossuary_5, minmay_mini_jars
Ossuary:  ossuary_minmay_scorpions

Skill      XL: |  1  2  3  4  5  6  7 |
---------------+----------------------+-----
Conjurations   | 4 5 6 |  6.0
Spellcasting   | 3 4 6 |  6.9
Dodging        | |  1.7
Stealth        | |  2.4

Action                   |  1- 3 |  4- 6 |  7- 9 || total
-------------------------+-------+-------+-------++-------
Melee: Quarterstaff      |    20 |     6 |       ||    26
       Trident           |       |     2 |    10 ||    12
 Cast: Magic Dart        |    15 |    19 |    12 ||    46
       Searing Ray       |    14 |    19 |    14 ||    47
Invok: Renounce Religion |       |     1 |       ||     1
 Abil: Dig               |     2 |     8 |     7 ||    17
  Use: Scroll            |       |       |     3 ||     3
 Stab: Sleeping          |     3 |       |       ||     3
Armor: Robe              |    11 |    11 |    26 ||    48
Dodge: Dodged            |    20 |    50 |    49 ||   119
